 Dungeon Crawl Stone Soup version 0.29-a0-1027-gcd8c55af63 (webtiles) character file.

Game seed: 6851289533522648645

23 drpainis the Sneak (level 2, 8/13 HPs)
             Began as a Spriggan Enchanter on Aug 13, 2022.
             Quit the game on level 2 of the Dungeon.
             The game lasted 00:02:16 (1665 turns).

drpainis the Sneak (Spriggan Enchanter)             Turns: 1665, Time: 00:02:17

Health: 8/13       AC:  2    Str:  4    XL:     2   Next: 72%
Magic:  2/6        EV: 17    Int: 16    God:
Gold:   51         SH:  5    Dex: 15    Spells: 4/6 levels left

rFire   . . .      SeeInvis +   a - +1 dagger
rCold   . . .      Faith    .   (no shield)
rNeg    + . .      Spirit   .   b - +0 robe
rPois   .          Reflect  +   (helmet restricted)
rElec   .          Harm     .   (no cloak)
rCorr   .          Rampage  .   (gloves unavailable)
Will    .....                   (boots unavailable)
Stlth   +++.......              e - amulet of reflection
HPRegen 0.04/turn               i - ring of positive energy
MPRegen 0.10/turn               (no ring)

@: very quick
A: very small, no large weapons, unfitting armour, see invisible, speed 3
a: no special abilities


You were on level 2 of the Dungeon.
You visited 1 branch of the dungeon, and saw 2 of its levels.

You collected 51 gold pieces.

Inventory:

Hand Weapons
 a - a +1 dagger (weapon)
Armour
 b - a +0 robe (worn)
Jewellery
 e - an amulet of reflection (around neck)
 i - a ring of positive energy (left hand)
Scrolls
 d - a scroll of magic mapping {unknown}
 f - a scroll of teleportation {unknown}
 g - 2 scrolls of identify {unknown}
Potions
 c - a potion of invisibility
 h - a potion of cancellation {unknown}


   Skills:
 + Level 0.1 Fighting
 + Level 1.5 Short Blades
 + Level 3.2 Dodging
 + Level 5.1 Stealth
 + Level 2.8 Spellcasting
 + Level 3.7 Hexes


You had 4 spell levels left.
You knew the following spells:

 Your Spells              Type           Power      Damage    Failure   Level
a - Ensorcelled Hibernat  Hex/Ice        16%        N/A       13%         2

Your spell library contained the following spells:

 Spells                   Type           Power      Damage    Failure   Level
 Confusing Touch          Hex            14%        N/A       12%         3
 Tukima's Dance           Hex            14%        N/A       12%         3
 Dazzling Flash           Conj/Hex       16%        N/A       26%         3
 Portal Projectile        Hex/Tloc       16%        N/A       26%         3
 Call Canine Familiar     Summ           2%         N/A       50%         3
 Leda's Liquefaction      Hex/Erth       4%         N/A       65%         4


Dungeon Overview and Level Annotations

Branches:
Dungeon (2/15)

Altars:

Shops:
D:1 (   D:2 [

Annotations:
D:2 Terence


Innate Abilities, Weirdness & Mutations

You are very small and have problems with some larger weapons.
You are too small for most types of armour.
You have supernaturally acute eyesight. (SInv)
You cover ground extremely quickly. (Speed+++)


Message History

The gnoll hits you with a +0 whip.
Things that are here:
a +0 club; 5 stones; a goblin corpse The dart slug launches a dart at you.
The slug dart reflects off an invisible shield around you!
The slug dart hits the dart slug.
A gnoll comes into view. It is wielding a +0 flail.
Casting: Ensorcelled Hibernation (safe; 13% risk of failure)
Confirm with . or Enter, or press ? or * to list all spells.
Aiming: Ensorcelled Hibernation (safe; 13% risk of failure)
Press: ? - help, Shift-Dir - straight line, f/p - gnoll
Aim: a gnoll, wielding a +0 whip (chance to affect: 50%)
The gnoll resists with some effort.
Things that are here:
a +0 short sword; 5 stones; a kobold corpse
Found 4 gold pieces.
An adder comes into view.
Casting: Ensorcelled Hibernation (safe; 13% risk of failure)
Confirm with . or Enter, or press ? or * to list all spells.
Aiming: Ensorcelled Hibernation (safe; 13% risk of failure)
Press: ? - help, Shift-Dir - straight line, f/p - gnoll
Aim: a gnoll, wielding a +0 whip (chance to affect: 50%)
The gnoll resists with some effort.
Casting: Ensorcelled Hibernation (safe; 13% risk of failure)
Confirm with . or Enter, or press ? or * to list all spells.
Aiming: Ensorcelled Hibernation (safe; 13% risk of failure)
Press: ? - help, Shift-Dir - straight line, f/p - gnoll
Aim: a gnoll, wielding a +0 whip (chance to affect: 50%)
The gnoll resists with some effort.
You block the gnoll's attack.
Terence the Incautious comes into view.
He is wielding a +0 morningstar and carrying a wand of flame (22).
Terence shouts!
The adder completely misses you.
Found 2 gold pieces.
A kobold comes into view. It is wielding a +0 club.
Found a scroll labelled WYCSEV RERHOUMI and 4 gold pieces.
The kobold shouts!
Okay, then.
A kobold is nearby!
A kobold is nearby!
Are you sure you want to abandon this character and quit the game? (Confirm with "yes".)

########### #.........# ###
#.........# ..# #⌠.⌠......# ..#
#.∩.......#
..##########⌠.⌠......#########
....r.r........÷............?#
.....#######.........##..##..###.
.........# #....@......K....#....
...#####..##......$..###.##...##.
.?g# ####......#######...#..###..
...# #.....#########.......###..#
.......###..###..(....###KS....#
.......####.............$....###
.#.....................K.###g.###
..............#...#.#.... ##...#
.................##........###S.#


You could see a kobold.

Vanquished Creatures
  A bat (D:1)
  2 endoplasms (D:1)
  3 giant cockroaches
  3 goblins
  A hobgoblin (D:1)
  2 kobolds (D:2)
  A quokka (D:2)
  2 ball pythons
  4 rats (D:1)
19 creatures vanquished.

Notes
Turn   | Place    | Note
-------+----------+-------------------------------------------
     0 | D:1      | drpainis the Spriggan Enchanter began the quest for the
                  | Orb.
     0 | D:1      | Reached XP level 1. HP: 9/9 MP: 5/5
   446 | D:1      | Found Oczailo's Weapon Emporium.
   572 | D:1      | You fall into a shaft and drop 1 floor!
   578 | D:2      | Found Nusoemon's Antique Armour Shoppe.
   904 | D:1      | Reached skill level 5 in Stealth
   904 | D:1      | Reached XP level 2. HP: 13/13 MP: 6/6
   933 | D:1      | Learned a level 2 spell: Ensorcelled Hibernation
  1633 | D:2      | Noticed Terence
  1665 | D:2      | Quit the game

Illustrated notes

Levels and vault maps discovered:
D:1:      nzn_arrival_depleted_hourglass, layout_loops_ring, serial_shops, shop,
          minmay_misc_feat_hallway
D:2:      layout_rooms, serial_shops, shop_fountains, uniq_terence

Skill      XL: |  1  2 |
---------------+-------+-----
Stealth        | 5 |  5.1
Dodging        | 3 |  3.2
Fighting       | |  0.1
Short Blades   | |  1.5
Spellcasting   | |  2.8
Hexes          | |  3.7

Action                   || total
-------------------------++-------
Melee: Dagger            ||    60
 Cast: Ensorcelled Hiber ||    11
  Use: Potion            ||     1
 Stab: Sleeping          ||     9
       Invisible         ||     1
Armor: Robe              ||    11
Dodge: Dodged            ||    48
Block: Other             ||    21
       Reflection        ||     4

Table legend: (Time is in decaauts)
 A = Elapsed time spent in this place.
 B = Non-inter-level travel time spent in this place.
 C = Inter-level travel time spent in this place.
 D = Time resting spent in this place.
 E = Time spent auto-exploring this place.
 F = Levels seen in this place.
 G = Mean time per level.
                   A        B        C        D        E       F      G
               +--------+--------+--------+--------+--------+-----+--------+
         Total |   1370 |   1363 |      7 |    653 |    444 |   2 |  685.0 |
       Dungeon |   1370 |   1363 |      7 |    653 |    444 |   2 |  685.0 |
               +--------+--------+--------+--------+--------+-----+--------+

Top non-repeatable levels by time:
     D:1: 1130 daAuts
     D:2: 240 daAuts
